 Dungeon Crawl Stone Soup version 0.30-a0-534-gdc55766716 (console) character file.

Game seed: 7033407785586809495

81214 jejorda2 the Spry (level 15, -2/116 (121) HPs)
             Began as a Merfolk Berserker on Dec 24, 2022.
             Was a High Priest of Trog.
             Killed from afar by a necromancer (25 damage)
             ... with a bolt of negative energy
             ... on level 13 of the Dungeon.
             The game lasted 00:50:15 (21518 turns).

jejorda2 the Spry (Merfolk Berserker)              Turns: 21518, Time: 00:50:15

HP:   -2/116 (121)  AC: 12    Str: 18    XL:     15   Next: 69%
MP:   5/5           EV: 25    Int:  7    God:    Trog [*****.]
Gold: 1429          SH: 14    Dex: 20    Spells: 14/14 levels left

rFire   + + .      SeeInvis .    a - +7 demon blade (antimagic)
rCold   . . .      Faith    +    N - +0 kite shield
rNeg    . . .      Spirit   .    r - +3 salamander hide armour {Flames rF++ rC--}
rPois   .          Reflect  .    T - +2 hat
rElec   .          Harm     .    G - +1 cloak
rCorr   .          Rampage  .    (no gloves)
Will    +++..                    p - +0 pair of boots
Stlth   ++                       C - amulet of faith
HPRegen 1.39/turn                X - ring of protection from cold
MPRegen 0.09/turn                y - ring of protection from cold

@: strong-willed, on berserk cooldown, regenerating, slowed, lightly drained,
very slow
A: (nimble swimmer 2), mertail
a: Renounce Religion, Berserk, Trog's Hand, Brothers in Arms


You were on level 13 of the Dungeon.
You worshipped Trog.
Trog was extremely pleased with you.
You visited 2 branches of the dungeon, and saw 19 of its levels.
You also visited: Bailey.

You collected 1485 gold pieces.
You spent 56 gold pieces at shops.

Inventory:

Hand Weapons
 a - a +7 antimagic demon blade (weapon)
 b - a +3 scimitar
 Y - a +3 dagger of electrocution
Missiles
 c - 11 boomerangs
 f - 144 stones
 k - 3 throwing nets
 v - 10 javelins
 H - 4 curare-tipped darts
 L - 22 poisoned darts (quivered)
Armour
 p - a +0 pair of boots (worn)
 r - the +3 salamander hide armour (worn) {Flames rF++ rC--}
   (You found it on level 11 of the Dungeon)

   It surrounds you with a cloud of flames.
   It grants immunity to clouds of flame.
   It enhances your fire magic.
   rF:        It greatly protects you from fire.
   rC:        It makes you very vulnerable to cold.
 G - a +1 cloak (worn)
 K - the +4 chain mail "Uczikh" {rC+}
   (You found it on level 1 of the Lair of Beasts)

   rC:        It protects you from cold.
 N - a +0 kite shield (worn)
 T - a +2 hat (worn)
Jewellery
 g - a ring of see invisible
 n - a ring of flight
 y - a ring of protection from cold (right hand)
 C - an amulet of faith (around neck)
 X - a ring of protection from cold (left hand)
Wands
 u - a wand of digging (4)
 F - a wand of polymorph (17)
 P - a wand of mindburst (7)
 R - a wand of roots (17)
 S - a wand of paralysis (4)
 U - a wand of flame (2)
 W - a wand of light (10)
Scrolls
 h - 4 scrolls of magic mapping
 s - 5 scrolls of fog
 x - 4 scrolls of fear
 A - 4 scrolls of vulnerability
 E - 3 scrolls of blinking
 I - 7 scrolls of teleportation
 M - 2 scrolls of immolation
Potions
 d - 4 potions of lignification
 i - 2 potions of might
 j - 7 potions of ambrosia
 l - a potion of berserk rage
 m - 14 potions of curing
 o - 6 potions of attraction
 q - 3 potions of cancellation
 t - 3 potions of resistance
 z - 6 potions of haste
 D - 3 potions of mutation
 Q - 5 potions of heal wounds
 V - 2 potions of flight
Miscellaneous
 e - a phial of floods


   Skills:
 + Level 12.3 Fighting
 - Level 9.3(12.3) Short Blades
 - Level 12.8(14.0) Long Blades
 * Level 8.5 Throwing
 - Level 6.0 Armour
 - Level 19.4 Dodging
 + Level 2.8 Stealth
 - Level 14.0 Shields
 - Level 6.0 Evocations


You had 14 spell levels left.
You didn't know any spells.
Your spell library was empty.

Dungeon Overview and Level Annotations

Branches:
Dungeon (14/15)            Temple (0/1) D:5            Lair (5/5) D:8
 Shoals (0/4) Lair:3       Spider (0/4) Lair:2        Slime (0/5) Lair:5
    Orc (0/2) D:11         Vaults (0/5) D:13         Bailey (visited)

Altars:
Fedhas
Gozag
Nemelex Xobeh
Okawaru
Qazlal
Sif Muna
Uskayaw
Wu Jian
Xom
Yredelemnul

Shops:
D:7 (   D:12 !

Annotations:
D:14 4 transporters


Innate Abilities, Weirdness & Mutations

((You are very nimble when in or above water. (Stealth+, EV+, Speed+++)))
Your lower body shifts to a powerful aquatic tail in water.


Message History

A necromancer simulacrum comes into view.
You barely miss the necromancer.
The necromancer is heavily wounded.
You slice the necromancer!!
You kill the necromancer!
Trog accepts your kill.
Trog appreciates your killing of a magic user.
A freezing mist starts to gather...
A necromancer simulacrum comes into view.
You slice the vault guard simulacrum!!
The vault guard simulacrum is almost destroyed.
The vault guard simulacrum is engulfed in blazing flames.
The vault guard simulacrum vaporises!
You barely miss the vault guard simulacrum.
The vault guard simulacrum is almost destroyed.
The vault guard simulacrum is engulfed in blazing flames.
The vault guard simulacrum vaporises!
You slash the necromancer simulacrum!
The necromancer simulacrum is heavily damaged.
The necromancer casts a spell at you.
Your body is wracked with pain!
* * * LOW HITPOINT WARNING * * *
You slash the necromancer simulacrum!
The necromancer simulacrum is almost destroyed.
You are no longer berserk.
You are exhausted.
You feel yourself slow down.
The necromancer simulacrum is engulfed in blazing flames.
The necromancer simulacrum vaporises!
Unknown command.
You slice the necromancer simulacrum!!
The necromancer simulacrum is severely damaged.
The necromancer simulacrum is engulfed in blazing flames.
The necromancer simulacrum vaporises!
Your skin crawls.
You feel strong-willed.
The necromancer is engulfed in blazing flames.
The necromancer casts a spell at you. The bolt of negative energy hits you!!
You feel drained.
You die...

#.####.#.#.##..########..###
#.# #.#.....?..........##..
#.# #.#.#############.....#
#.####.#.#?$.)(#.[...#..#..#
#........#)...)#...†.'..#..#
########.#..∩..#..⌠.†'..#.>#
#.#.....#.....'..#..#
#.#°○°..#.....#.##..#
#.##@p'###'''##.....#
#.#°°☼..#.†...#.###.#
#.#.p...'††...#.# #.#
#.#..⌠))'..⌠..#)# #..
#.#.....')....#.# ###
#.#.....#.....#
#.#############.#
#...............#
#.#######.#######


You could see a necromancer (soul bound) and a human (soul bound).

Vanquished Creatures
  A tengu reaver (D:12)
  5 vault guards
  An anaconda (shapeshifter) (D:12)
  2 hydras
  Erolcha (D:9)
  A catoblepas (Lair:5)
  4 boulder beetles
  2 centaur warriors (D:13)
  6 two-headed ogres
  A deep troll earth mage (D:12)
  Urug (Lair:5)
  A salamander mystic (D:11)
  A fire crab (Lair:5)
  A goliath frog (Lair:5)
  2 orc knights
  Pikel (D:4)
  3 wizards
  3 necromancers (D:13)
  A wolf spider (Lair:2)
  A salamander (D:11)
  4 deep elf pyromancers (D:12)
  6 cyclopes
  7 ugly things
  2 manticores
  Maurice (D:8)
  5 black mambas
  11 elephants
  24 cane toads
  5 gargoyles
  Maggie (D:7)
  3 kobold demonologists
  3 unseen horrors (D:12)
  A yaktaur (D:12)
  An unseen horror (shapeshifter) (D:13)
  2 rime drakes
  7 komodo dragons
  A freezing wraith (D:12)
  A komodo dragon (shapeshifter) (D:12)
  3 meliai (Lair:4)
  A troll (shapeshifter) (D:12)
  4 trolls
  A hornet (D:9)
  A queen bee (Lair:4)
  A polar bear (Lair:2)
  A tarantella (shapeshifter) (D:13)
  19 blink frogs
  3 tyrant leeches (Lair:5)
  Prince Ribbit (Bailey)
  8 slime creatures
  14 dream sheep
  A centaur simulacrum (D:12)
  3 wraiths (D:12)
  3 vampires
  5 wyverns
  17 humans
  2 steam dragons (Lair:2)
  40 yaks
  6 basilisks
  3 wargs (D:11)
  Edmund (D:5)
  11 vampire mosquitoes
  5 acid dragons
  20 water moccasins
  5 orc warriors
  5 black bears
  3 sky beasts
  2 ogres (D:5)
  5 centaurs
  4 lemures (D:4)
  5 wolves (Lair:3)
  2 phantoms (D:4)
  3 kobold brigands
  23 bullfrogs
  A gnoll sergeant (D:9)
  A necrophage (D:5)
  3 scorpions
  16 wights
  22 killer bees (Lair:4)
  2 electric eels
  2 howler monkeys
  A lava snake (D:9)
  6 jellies
  2 gnoll boudas
  4 hounds
  5 orc priests
  Crazy Yiuf (D:5)
  5 iguanas
  11 orc wizards
  14 gnolls
  5 adders
  2 white imps (D:7)
  An ufetubus (D:6)
  3 worms
  8 dart slugs (D:3)
  24 orcs
  5 bats
  7 endoplasms
  3 giant cockroaches
  9 goblins
  12 hobgoblins
  4 jackals (D:3)
  4 quokkas
  4 ball pythons
  18 kobolds
  8 rats
  2 bushes
570 creatures vanquished.

Vanquished Creatures (others)
  An unseen horror (D:12)
  135 fungi
  225 plants
361 creatures vanquished.

Grand Total: 931 creatures vanquished

Notes
Turn   | Place    | Note
-------+----------+-------------------------------------------
     0 | D:1      | jejorda2 the Merfolk Berserker began the quest for the Orb.
     0 | D:1      | Reached XP level 1. HP: 18/18 MP: 1/1
   244 | D:1      | Reached skill level 3 in Dodging
   244 | D:1      | Reached XP level 2. HP: 21/24 MP: 2/2
  1010 | D:1      | Found a faded altar of an unknown god.
  1052 | D:2      | Reached ** piety under Trog
  1098 | D:2      | Reached XP level 3. HP: 29/29 MP: 3/3
  1631 | D:2      | Found a shimmering altar of Xom.
  1733 | D:2      | Reached XP level 4. HP: 37/37 MP: 4/4
  1962 | D:3      | Reached skill level 5 in Long Blades
  1969 | D:3      | Found a basalt altar of Yredelemnul.
  2174 | D:3      | Reached skill level 4 in Dodging
  2741 | D:4      | Noticed a phantom
  2746 | D:4      | Killed a phantom
  2747 | D:4      | Reached XP level 5. HP: 43/43 MP: 5/5
  2783 | D:4      | Identified the +0 robe of Niderhi {rN+++ Will- Int+6}
  2875 | D:4      | Noticed a water moccasin
  2888 | D:4      | Reached XP level 6. HP: 49/49 MP: 6/6
  2891 | D:4      | Killed a water moccasin
  2892 | D:4      | Reached skill level 5 in Dodging
  3022 | D:4      | Reached *** piety under Trog
  3152 | D:4      | Noticed Pikel
  3161 | D:4      | Killed Pikel
  3162 | D:4      | Reached skill level 5 in Fighting
  3162 | D:4      | Reached skill level 5 in Short Blades
  3162 | D:4      | Reached skill level 6 in Dodging
  3162 | D:4      | Reached XP level 7. HP: 35/57 MP: 7/7
  3258 | D:4      | Reached XP level 8. HP: 64/64 MP: 8/8
  3646 | D:5      | Entered Level 5 of the Dungeon
  3885 | D:5      | Noticed Edmund
  3902 | D:5      | Killed Edmund
  4079 | D:5      | Found a staircase to the Ecumenical Temple.
  4273 | D:5      | Found a sparkling altar of Nemelex Xobeh.
  4636 | D:5      | Found a runed translucent door.
  4637 | D:5      | Noticed Crazy Yiuf
  4643 | D:5      | Killed Crazy Yiuf
  4744 | D:6      | Found a stormy altar of Qazlal.
  4893 | D:6      | Reached XP level 9. HP: 72/72 MP: 3/9
  5276 | D:6      | Found an opulent altar of Gozag.
  5763 | D:7      | Noticed Maggie
  5770 | D:7      | Killed Maggie
  6470 | D:7      | Reached XP level 10. HP: 83/83 MP: 10/10
  6473 | D:7      | Reached skill level 5 in Armour
  6519 | D:7      | Found Xatorr's Antique Weapon Shop.
  7136 | D:8      | Noticed Maurice
  7146 | D:8      | Killed Maurice
  7147 | D:8      | Reached skill level 10 in Fighting
  7206 | D:8      | Found a staircase to the Lair.
  7320 | D:8      | Noticed a gargoyle
  7330 | D:8      | Killed a gargoyle
  7479 | D:8      | Identified the +9 hand axe of Glamorous Prudence {holy,
                  | Fly}
  7506 | D:8      | Found an iron altar of Okawaru.
  7597 | D:8      | Found an ornate altar of the Wu Jian Council.
  7750 | D:8      | Found a hide-covered altar of Uskayaw.
  7832 | D:9      | Found a transporter.
  7841 | D:9      | Noticed a kobold demonologist
  7843 | D:9      | Noticed a kobold demonologist
  7852 | D:9      | Killed a kobold demonologist
  7853 | D:9      | Reached skill level 1 in Shields
  7853 | D:9      | Reached skill level 1 in Evocations
  7864 | D:9      | Killed a kobold demonologist
  7864 | D:9      | Reached **** piety under Trog
  7887 | D:9      | Found a shimmering blue altar of Sif Muna.
  8046 | D:9      | Reached XP level 11. HP: 94/94 MP: 11/11
  8397 | D:9      | Noticed Erolcha
  8400 | D:9      | Found a transporter.
  8406 | D:9      | Killed Erolcha
  9043 | D:10     | Entered Level 10 of the Dungeon
  9078 | D:10     | Found a flagged portal.
  9097 | Bailey   | Entered a bailey
  9261 | Bailey   | Noticed Prince Ribbit
  9291 | Bailey   | Killed Prince Ribbit
  9311 | Bailey   | Noticed a vault guard
  9338 | Bailey   | Killed a vault guard
  9435 | Bailey   | Noticed a vault guard
  9458 | Bailey   | Killed a vault guard
  9859 | D:10     | Found a blossoming altar of Fedhas.
  9875 | D:10     | Reached skill level 5 in Shields
  9902 | D:10     | Identified a scroll of acquirement
  9902 | D:10     | Acquired a manual of Dodging
 10061 | D:10     | Noticed a two-headed ogre
 10067 | D:10     | Killed a two-headed ogre
 10392 | D:11     | Noticed a manticore
 10411 | D:11     | Killed a manticore
 10561 | D:11     | Found a staircase to the Orcish Mines.
 10791 | D:11     | Noticed a cyclops
 10810 | D:11     | Killed a cyclops
 10838 | D:11     | Reached skill level 5 in Evocations
 10961 | D:11     | Reached XP level 12. HP: 94/102 MP: 12/12
 11275 | D:11     | Noticed a boulder beetle
 11295 | D:11     | Killed a boulder beetle
 11296 | D:11     | Noticed a two-headed ogre
 11463 | D:11     | Killed a two-headed ogre
 11914 | D:11     | Found the +3 salamander hide armour {Flames rF++ rC--}
 12090 | Lair:1   | Entered Level 1 of the Lair of Beasts
 12463 | Lair:1   | Identified the +4 chain mail "Uczikh" {rC+}
 13479 | Lair:2   | Reached skill level 10 in Long Blades
 13645 | Lair:2   | Reached skill level 10 in Shields
 13873 | Lair:2   | Reached XP level 13. HP: 86/108 MP: 13/13
 13953 | Lair:2   | Found a hole to the Spider Nest.
 14032 | Lair:2   | Reached ***** piety under Trog
 14434 | Lair:3   | Found a staircase to the Shoals.
 15283 | Lair:4   | Received a gift from Trog
 16291 | Lair:5   | Entered Level 5 of the Lair of Beasts
 16332 | Lair:5   | Reached XP level 14. HP: 57/115 MP: 14/14
 16654 | Lair:5   | Found a staircase to the Slime Pits.
 16716 | Lair:5   | Reached skill level 1 in Throwing
 16716 | Lair:5   | Reached skill level 7 in Dodging
 16719 | Lair:5   | Received a gift from Trog
 16723 | Lair:5   | Reached skill level 8 in Dodging
 16749 | Lair:5   | Reached skill level 9 in Dodging
 17059 | Lair:5   | Reached skill level 10 in Dodging
 17136 | Lair:5   | Reached skill level 11 in Dodging
 17354 | Lair:5   | Reached skill level 12 in Dodging
 17423 | Lair:5   | Noticed Urug
 17433 | Lair:5   | Killed Urug
 17611 | Lair:5   | Reached skill level 13 in Dodging
 18276 | D:12     | Reached skill level 14 in Dodging
 18282 | D:12     | Received a gift from Trog
 18297 | D:12     | Reached skill level 5 in Throwing
 18413 | D:12     | Reached skill level 15 in Dodging
 18712 | D:12     | Reached skill level 16 in Dodging
 18773 | D:12     | Identified the +10 trident "Zog Fuph" {freeze, rC+ Will+
                  | Dex-5}
 18773 | D:12     | Noticed a tengu reaver
 18790 | D:12     | Killed a tengu reaver
 18794 | D:12     | Reached XP level 15. HP: 38/120 MP: 5/15
 19130 | D:12     | Reached skill level 17 in Dodging
 19471 | D:12     | Reached skill level 18 in Dodging
 19596 | D:12     | You fall into a shaft and drop 2 floors!
 19642 | D:14     | Found a transporter.
 19665 | D:14     | Found a transporter.
 19688 | D:14     | Found a transporter.
 19744 | D:14     | Found a transporter.
 19898 | D:13     | Reached skill level 19 in Dodging
 20109 | D:13     | Identified the +2 rapier of Offence {vorpal, Stlth+} (Trog
                  | gifted it to you on level 13 of the Dungeon)
 20109 | D:13     | Received a gift from Trog
 20541 | D:12     | Found Urchusap's Distillery.
 20558 | D:12     | Bought a potion of might for 56 gold pieces
 21406 | D:13     | Reached skill level 1 in Stealth
 21486 | D:13     | Found a gate to the Vaults.
 21512 | D:13     | Reached ****** piety under Trog
 21518 | D:13     | Killed from afar by a necromancer

Illustrated notes

Levels and vault maps discovered:
D:1:      reono_arrival_forest_river, layout_basic,
          hellmonk_ecumenical_altar_leap_of_faith
D:2:      layout_loops_ring, basic_altar, reono_crystal_passage, kennysheep_nub,
          grunt_decor_arrowhead, palyth_stone_intersect
D:3:      kennysheep_slugbush, layout_basic, mainiacjoe_overflow_catwalk
D:4:      layout_loops_cross, uniq_pikel
D:5:      layout_loops_corners, nemelex_diamond_rough_becter, temple_doors_e,
          uniq_edmund, uniq_crazy_yiuf_cottage
D:6:      kennysheep_spiral_hall, layout_basic, lemuel_crystal_altar,
          grunt_qazlal_clouds
D:7:      layout_basic, serial_shops, shop, uniq_maggie
D:8:      layout_gridville, okawaru_ov_weapons_minmay,
          mainiacjoe_overflow_swirl, due_lair_maze_entry_diamond,
          minmay_liquid_box, uniq_maurice
D:9:      layout_loops_ring, mainiacjoe_overflow_tiny_flanked,
          corexii_leaking_fountain, kennysheep_minor_cross,
          nicolae_diode_stairs, uniq_erolcha
D:10:     layout_gridville, mainiacjoe_overflow_concentric_impassable,
          enter_bailey_6
D:11:     layout_long_grid, minmay_orc_entry_guard_dogs,
          hellmonk_guarded_unrand_salamander
D:12:     nzn_winding_woodlands_huge [nzn_winding_woodlands_5x15_jagged,
          nzn_winding_woodlands_5x15_crooked,
          nzn_winding_woodlands_5x15_concentric,
          nzn_winding_woodlands_5x15_pool, nzn_winding_woodlands_5x15_cabin,
          nzn_winding_woodlands_5x15_sidewinder,
          nzn_winding_woodlands_5x15_pockets,
          nzn_winding_woodlands_5x15_default,
          nzn_winding_woodlands_5x15_split_checker,
          nzn_winding_woodlands_5x15_parted,
          nzn_winding_woodlands_center_diamonds,
          nzn_winding_woodlands_center_triple_pond,
          nzn_winding_woodlands_15x15_thick_spiral], layout_layer_cave,
          serial_shops, nicolae_shop_temple_entry_statues_fountains,
          minmay_misc_feat_square
D:13:     layout_loops_ring, grunt_vaults_entry_tiered
D:14:     layout_basic, serial_shops, shop, nicolae_diode_intersection
Lair:1:   layout_small_grid, st_stairs_11, serial_bayou_shore_a
Lair:2:   layout_regular_city, spider_nest_entry_rubble, grunt_megastairs_5,
          serial_bayou_shore_b, infiniplex_staircase_pool, lemuel_fruit_tree
Lair:3:   layout_long_grid, shoals_dummy_entry, grunt_megastairs_1
Lair:4:   layout_roguey [special_room_bee], infiniplex_staircase_pool_2
Lair:5:   minmay_lair_end_frog_pond, layout_big_grid, slime_entry_1,
          nicolae_lair_grove_arrangements, uniq_urug

Skill      XL: |  1  2  3  4  5  6  7  8  9 10 11 12 13 14 15 |
---------------+----------------------------------------------+-----
Long Blades    | 4 5 6 8 10 12 | 12.8
Dodging        | 3 4 6 16 19 | 19.4
Fighting       | 4 5 6 7 9 11 12 | 12.3
Short Blades   | 2 5 6 8 9 |  9.3
Armour         | 2 4 6 |  6.0
Shields        | 1 6 10 13 14 | 14.0
Evocations     | 1 5 6 |  6.0
Throwing       | 6 8 |  8.5
Stealth        | 2 |  2.8

Action                   |  1- 3 |  4- 6 |  7- 9 | 10-12 | 13-15 || total
-------------------------+-------+-------+-------+-------+-------++-------
Melee: Falchion          |   147 |    63 |       |       |       ||   210
       Long sword        |       |    16 |    11 |    10 |       ||    37
       Dagger            |       |    77 |   308 |   718 |   207 ||  1310
       Tailslap          |       |     3 |       |    10 |     8 ||    21
       Punch             |       |     3 |     3 |     6 |       ||    12
       Scimitar          |       |       |       |     4 |       ||     4
       Demon blade       |       |       |       |       |   375 ||   375
Throw: Stone             |     3 |       |     3 |       |       ||     6
       Dart              |       |       |       |    31 |    50 ||    81
       Throwing net      |       |       |       |     1 |       ||     1
Invok: Berserk           |     1 |     2 |     9 |    13 |     6 ||    31
       Trog's Hand       |       |       |     3 |     9 |     3 ||    15
Evoke: Wand              |       |       |       |     2 |       ||     2
  Use: Scroll            |       |       |       |    22 |     7 ||    29
       Potion            |       |       |       |     1 |     1 ||     2
 Stab: Sleeping          |     1 |       |       |       |     1 ||     2
       Distracted        |       |       |       |     1 |       ||     1
Armor: Animal skin       |    10 |       |       |       |       ||    10
       Scale mail        |    46 |    49 |    54 |       |       ||   149
       Acid dragon scale |       |       |    25 |   101 |       ||   126
       Leather armour    |       |       |       |     9 |   101 ||   110
Dodge: Dodged            |    89 |    97 |   126 |   279 |   226 ||   817
Block: Kite shield       |       |       |       |   166 |   279 ||   445

Table legend: (Time is in decaauts)
 A = Elapsed time spent in this place.
 B = Non-inter-level travel time spent in this place.
 C = Inter-level travel time spent in this place.
 D = Time resting spent in this place.
 E = Time spent auto-exploring this place.
 F = Levels seen in this place.
 G = Mean time per level.
                   A        B        C        D        E       F      G
               +--------+--------+--------+--------+--------+-----+--------+
         Total |  21056 |  20022 |   1034 |   1404 |  15053 |  20 | 1052.8 |
       Dungeon |  14765 |  14029 |    736 |   1137 |  10358 |  14 | 1054.6 |
          Lair |   5889 |   5591 |    298 |    189 |   4536 |   5 | 1177.8 |
        Bailey |    402 |    402 |      0 |     78 |    158 |   1 |  402.0 |
               +--------+--------+--------+--------+--------+-----+--------+

Top non-repeatable levels by time:
    D:12: 2179 daAuts
    D:11: 1710 daAuts
  Lair:5: 1467 daAuts
  Lair:4: 1359 daAuts
     D:9: 1233 daAuts
     D:7: 1213 daAuts
  Lair:1: 1159 daAuts
     D:5: 1067 daAuts
     D:6: 1036 daAuts
     D:1: 1026 daAuts
  Lair:2: 1008 daAuts
  Lair:3: 893 daAuts
    D:10: 889 daAuts
     D:3: 880 daAuts
     D:4: 872 daAuts
